 Dungeon Crawl Stone Soup version 0.28-a0-706-gf6f64a616a (webtiles) character file.

Game seed: 17318937254882021681

185502 runninginthe90s the Warrior (level 18, -2/209 (210) HPs)
             Began as an Ogre Gladiator on Oct 22, 2021.
             Was a High Priest of Okawaru.
             Slain by a profane servitor (3 damage)
             ... on level 2 of the Abyss on Oct 25, 2021.
             The game lasted 01:20:34 (45195 turns).

runninginthe90s the Warrior (Ogre Gladiator)       Turns: 45195, Time: 01:20:35

HP:   -2/209 (210)  AC: 30    Str: 24    XL:     18   Next: 44%
MP:   15/24         EV: 13    Int:  9    God:    Okawaru [*****.]
Gold: 1096          SH:  0    Dex: 15    Spells: 17/17 levels left

rFire   x . .      SeeInvis +   p - +9 giant spiked club (drain)
rCold   + + .      Faith    .   (shield currently unavailable)
rNeg    . . .      Spirit   .   W - +2 ice dragon scales
rPois   +          Reflect  .   Y - +2 hat {Stlth+}
rElec   .          Harm     .   S - +2 cloak {Stlth+}
rCorr   .          Rampage  .   (gloves unavailable)
Will    +....                   (boots unavailable)
Stlth   +++.......              I - amulet "Cennal" {Acrobat rPois SInv}
HPRegen 0.44/turn               x - +4 ring of protection
MPRegen 0.19/turn               s - +4 ring of protection

@: heroic, finesse-ful, wreathed by umbra, lightly drained
A: large, unfitting armour, tough skin 1
a: Renounce Religion, Heroism, Finesse, Duel


You were on level 2 of the Abyss.
You worshipped Okawaru.
Okawaru was extremely pleased with you.
You visited 6 branches of the dungeon, and saw 29 of its levels.
You visited the Abyss 1 time.
You visited 1 bazaar.
You also visited: Sewer, Ossuary and Ice Cave.

You collected 3146 gold pieces.
You spent 2050 gold pieces at shops.

Inventory:

Hand Weapons
 p - a +9 giant spiked club of draining (weapon)
Missiles
 f - 5 silver javelins
 i - 5 curare-tipped darts
 r - 4 throwing nets
 u - 19 javelins
 G - 32 large rocks
 Q - 38 boomerangs (quivered)
 Z - 2 silver boomerangs
Armour
 S - a +2 cloak of stealth (worn)
 U - the +5 robe of Night {Dark Will+ SInv}
   (Okawaru gifted it to you on level 2 of the Snake Pit)

   It shrouds the wearer in darkness, reducing the range at which they can see
   and be seen by others.
   SInv:      It lets you see invisible.
   Will:      It increases your willpower.
 W - +2 ice dragon scales (worn)
 Y - a +2 hat of stealth (worn)
Jewellery
 j - a ring of willpower
 s - a +4 ring of protection (right hand)
 x - a +4 ring of protection (left hand)
 I - the amulet "Cennal" (around neck) {Acrobat rPois SInv}
   (You acquired it on level 14 of the Dungeon)

   [amulet of the acrobat]

   It increases your evasion while moving and waiting.
   rPois:     It protects you from poison.
   SInv:      It lets you see invisible.
 X - the amulet "Ifooff" {Reflect Will+ Dex+4 SH+5}
   (You found it on level 11 of the Dungeon)

   [amulet of reflection]

   It reflects blocked missile attacks.
   Dex:       It affects your dexterity (+4).
   SH:        It affects your SH (+5).
   Will:      It increases your willpower.
Wands
 v - a wand of acid (13)
 C - a wand of polymorph (17)
 D - a wand of digging (10)
 M - a wand of mindburst (23)
 N - a wand of paralysis (8)
 P - a wand of flame (14)
 V - a wand of iceblast (23)
Scrolls
 a - 3 scrolls of holy word
 g - 3 scrolls of fear
 m - 3 scrolls of magic mapping
 t - 4 scrolls of teleportation
 w - 4 scrolls of fog
 y - a scroll of enchant armour
 A - 2 scrolls of immolation
 B - 2 scrolls of blinking
 E - a scroll of brand weapon
 H - 2 scrolls of vulnerability
 K - 2 scrolls of silence
Potions
 b - 5 potions of brilliance
 c - 2 potions of invisibility
 d - a potion of might
 e - 3 potions of cancellation
 h - 7 potions of haste
 k - 2 potions of lignification
 l - 2 potions of heal wounds
 n - 4 potions of resistance
 o - 3 potions of ambrosia
 q - 15 potions of curing
 F - 5 potions of magic
 J - 10 potions of flight
 L - 5 potions of mutation
 O - 2 potions of berserk rage
 T - 3 potions of attraction
Miscellaneous
 z - a condenser vane
 R - a phial of floods


   Skills:
 - Level 20.0(25.0) Fighting
 + Level 17.9(23.4) Maces & Flails
 - Level 8.0(19.8) Staves
 - Level 12.0(17.0) Throwing
 - Level 6.7(11.7) Armour
 - Level 7.0(12.0) Dodging
 - Level 8.0 Invocations
 - Level 6.0 Evocations


You had 17 spell levels left.
You didn't know any spells.
Your spell library contained the following spells:

 Spells                   Type           Power      Damage    Failure   Level
 Magic Dart               Conj           0%         1d3       67%         1
 Pain                     Necr           0%         1d4       67%         1
 Corpse Rot               Necr/Air       0%         N/A       82%         2
 Passwall                 Tmut/Erth      0%         N/A       82%         2
 Searing Ray              Conj           0%         2d4       82%         2
 Conjure Flame            Conj/Fire      0%         6-21      96%         3
 Gell's Gravitas          Tloc           0%         N/A       96%         3
 Ignite Poison            Fire/Tmut/Pois 0%         N/A       96%         3
 Lesser Beckoning         Tloc           0%         N/A       96%         3
 Swiftness                Air            0%         N/A       96%         3
 Teleport Other           Tloc           0%         N/A       96%         3
 Vampiric Draining        Necr           0%         2d6       96%         3
 Dispel Undead            Necr           0%         3d6       100%        4
 Fulminant Prism          Conj/Hex       0%         3d6       100%        4
 Sticky Flame             Conj/Fire      0%         2d3       100%        4
 Blade Hands              Tmut           0%         N/A       100%        5
 Irradiate                Conj/Tmut      0%         3d13      100%        5
 Invisibility             Hex            0%         N/A       100%        6
 Dragon Form              Tmut           0%         N/A       100%        7
 Animate Skeleton         Necr           Unusable   N/A       N/A         1
 Death Channel            Necr           Unusable   N/A       N/A         6

Dungeon Overview and Level Annotations

Branches:
Dungeon (14/15)            Temple (1/1) D:7            Lair (6/6) D:9
 Shoals (3/4) Lair:2        Snake (3/4) Lair:3        Slime (0/5) Lair:5
    Orc (2/2) D:12            Elf (0/3) Orc:2        Vaults (0/5) D:13
  Sewer (visited)         Ossuary (visited)           IceCv (visited)

Altars:
Ashenzari
Cheibriados
Dithmenos
Elyvilon
Fedhas
Gozag
Hepliaklqana
Kikubaaqudgha
Makhleb
Nemelex Xobeh
Okawaru
Qazlal
Ru
Sif Muna
Trog
Uskayaw
Vehumet
Wu Jian
Xom
Yredelemnul
Zin
The Shining One
Beogh

Shops:
D:5 *   Orc:1 ?   Orc:2 :*[(   Shoals:2 :

Annotations:
D:6 1 runed translucent door, Crazy Yiuf
Lair:4 exclusion: oklob plant


Innate Abilities, Weirdness & Mutations

You are too large for most types of armour.
You have tough skin. (AC +1)


Message History

* * * LOW HITPOINT WARNING * * *
The profane servitor draws strength from your injuries!
The profane servitor hits you but does no damage.
You take 3 damage, and have 15/210 hp.
You hit the profane servitor but do no damage.
You hit the profane servitor.
The profane servitor hits you with a +2 demon whip!
* * * LOW HITPOINT WARNING * * *
The profane servitor draws strength from your injuries!
The profane servitor hits you but does no damage.
You take 10 damage, and have 5/210 hp.
You feel much better.
The profane servitor hits you but does no damage.
The profane servitor barely misses you.
You regained 23 hp, and now have 28/210 hp.
You miss the profane servitor.
The profane servitor hits you with a +2 demon whip.
* * * LOW HITPOINT WARNING * * *
The profane servitor draws strength from your injuries!
The profane servitor hits you with a +2 demon whip!
* * * LOW HITPOINT WARNING * * *
You take 15 damage, and have 13/210 hp.
You closely miss the profane servitor.
You hear a grinding noise.
You puncture the profane servitor! The profane servitor barely misses you.
The profane servitor hits you with a +2 demon whip.
* * * LOW HITPOINT WARNING * * *
You feel drained.
You feel much better.
The profane servitor hits you with a +2 demon whip!!
* * * LOW HITPOINT WARNING * * *
The profane servitor draws strength from your injuries!
The profane servitor closely misses you.
You take 1 damage, and have 12/209 hp.
You miss the profane servitor.
The profane servitor hits you with a +2 demon whip!
* * * LOW HITPOINT WARNING * * *
The profane servitor draws strength from your injuries!
The profane servitor hits you with a +2 demon whip.
You die...

# # # ...X #
## ...A # ☼
#. #.. #○#
o. #
#...R#.455..
#. .#..## #.
# ...###A#
#.# # # #@#
# # #.## #
..# ###


You could see a profane servitor.

Vanquished Creatures
  A hellephant (Abyss:2)
  Jorgrun (Orc:2)
  A nagaraja (Snake:2)
  An orc warlord (Orc:2)
  A cacodemon (Abyss:2)
  A very ugly thing (IceCv)
  Azrael (D:13)
  Snorg (Lair:5)
  A fire dragon (Lair:6)
  Josephine (Orc:1)
  3 merfolk javelineers
  3 merfolk impalers (Shoals:3)
  5 hydras
  3 naga warriors (Snake:1)
  A vault guard (D:13)
  2 catoblepae
  3 merfolk avatars
  5 anacondas
  A merfolk aquamancer (Shoals:2)
  4 boulder beetles
  2 centaur warriors (D:14)
  8 two-headed ogres
  A satyr (Shoals:2)
  6 death yaks
  4 naga sharpshooters
  5 orc high priests (Orc:2)
  2 shock serpents
  Urug (D:13)
  4 thrashing horrors (Abyss:2)
  A wretched star (Abyss:2)
  A fire crab (Lair:6)
  3 salamander mystics
  8 sea snakes
  A wizard (Abyss:2)
  5 orc knights (Orc:2)
  A deep elf pyromancer (D:12)
  8 harpies
  A necromancer (Lair:2)
  A mana viper (Snake:1)
  5 orc sorcerers
  7 fauns
  9 manticores
  10 salamanders
  A worldbinder (Abyss:2)
  6 cyclopes
  5 merfolk sirens
  9 elephants
  2 rust devils (Abyss:2)
  2 water nymphs
  2 guardian serpents (Snake:1)
  22 black mambas
  Maurice (D:8)
  3 molten gargoyles (Lair:6)
  An ice statue (Shoals:3)
  14 naga magi
  An orange demon (Abyss:2)
  2 unseen horrors
  13 cane toads
  2 rime drakes (Lair:2)
  A kobold demonologist (D:11)
  14 komodo dragons
  3 anaconda simulacra (IceCv)
  A golden dragon simulacrum (IceCv)
  An ancient zyme (Abyss:2)
  4 polar bears
  5 wind drakes
  8 trolls
  20 merfolk
  27 blink frogs
  9 slime creatures
  7 snapping turtles
  A flying skull (Abyss:2)
  3 ynoxinuls (Abyss:2)
  7 wraiths
  A vampire (D:13)
  2 water elementals (Shoals:2)
  9 wyverns
  4 fire bats (D:11)
  8 vampire mosquitoes
  30 yaks
  9 basilisks
  10 humans (D:13)
  A small abomination (Abyss:2)
  A chaos spawn (Abyss:2)
  3 steam dragons
  2 fire elementals (D:13)
  3 large abominations (Abyss:2)
  A harpy simulacrum (IceCv)
  A swamp worm (shapeshifter) (D:13)
  4 wargs (Orc:2)
  18 nagas
  9 hell hounds
  An acid dragon (D:10)
  12 water moccasins
  A hydra simulacrum (IceCv)
  A hornet zombie (D:7)
  An ice beast (D:7)
  5 sky beasts
  4 black bears
  40 orc warriors
  An ettin simulacrum (IceCv)
  6 starcursed masses (Abyss:2)
  2 necrophages
  5 ogres
  10 centaurs
  11 wolves
  A kobold brigand (D:10)
  14 bullfrogs
  3 gnoll sergeants
  8 scorpions
  A lindwurm simulacrum (IceCv)
  8 wights (D:8)
  3 electric eels
  6 howler monkeys
  7 lava snakes
  2 bullfrog zombies (D:7)
  7 centaur zombies
  3 human zombies (Ossuary)
  4 hounds
  15 jellies
  A centaur skeleton (D:4)
  31 orc priests
  2 iguanas
  30 orc wizards
  4 scorpion zombies (Ossuary)
  3 polar bear simulacra (Lair:2)
  Natasha (thrice) (D:3)
  3 yak simulacra (Lair:2)
  2 killer bee zombies (D:7)
  2 wolf simulacra (Lair:2)
  2 hound skeletons (D:4)
  3 mummies (Ossuary)
  A howler monkey zombie (D:7)
  Robin (D:2)
  19 gnolls
  A river rat (D:6)
  5 adders
  A howler monkey skeleton (D:4)
  A white imp (Abyss:2)
  2 ufetubi
  6 worms
  A dart slug (D:5)
  88 orcs
  11 bats
  14 endoplasms
  8 giant cockroaches
  8 goblins
  6 hobgoblins
  4 jackals (Sewer)
  4 quokkas
  6 ball pythons
  3 frilled lizards
  2 gnoll zombies (Ossuary)
  A goblin zombie (Ossuary)
  A hobgoblin zombie (Ossuary)
  12 kobolds
  2 kobold zombies (Ossuary)
  5 orc zombies (Ossuary)
  5 rats
  3 river rat simulacra (Lair:2)
  2 fire vortices (D:11)
938 creatures vanquished.

Vanquished Creatures (others)
  A thrashing horror (Abyss:2)
  A human (D:13)
  A sky beast (Abyss:2)
  A small abomination (Abyss:2)
  An orc (Orc:2)
  A fire vortex (D:11)
  37 fungi
  93 plants
136 creatures vanquished.

Grand Total: 1074 creatures vanquished

Notes
Turn   | Place    | Note
-------+----------+-------------------------------------------
     0 | D:1      | runninginthe90s the Ogre Gladiator began the quest for the
                  | Orb.
     0 | D:1      | Reached XP level 1. HP: 22/22 MP: 1/1
   171 | D:1      | Reached skill level 3 in Fighting
   172 | D:1      | Reached XP level 2. HP: 29/31 MP: 2/2
   641 | D:1      | Reached XP level 3. HP: 11/37 MP: 3/3
  1674 | D:2      | Noticed Robin
  1972 | D:2      | Killed Robin
  1973 | D:2      | Reached XP level 4. HP: 25/48 MP: 4/4
  2600 | D:3      | Noticed Natasha
  2886 | D:3      | Reached skill level 4 in Fighting
  3115 | D:3      | Found a faded altar of an unknown god.
  3417 | D:3      | Killed Natasha
  3418 | D:3      | Reached skill level 5 in Staves
  3418 | D:3      | Reached XP level 5. HP: 47/55 MP: 5/5
  3660 | D:3      | Noticed Natasha
  3670 | D:3      | Killed Natasha
  3679 | D:3      | Noticed Natasha
  3697 | D:3      | Killed Natasha
  3795 | D:3      | Found a shadowy altar of Dithmenos.
  4124 | D:4      | Reached skill level 5 in Fighting
  4124 | D:4      | Reached XP level 6. HP: 53/66 MP: 6/6
  4551 | D:4      | Reached skill level 6 in Fighting
  5253 | D:4      | Identified the +1 robe "Sullegg" {Dex+2}
  5339 | D:5      | Entered Level 5 of the Dungeon
  5437 | D:5      | Reached XP level 7. HP: 70/76 MP: 7/7
  5448 | D:5      | Reached skill level 7 in Fighting
  6287 | D:5      | Found Itelike's CLEARANCE SALE!.
  6295 | D:5      | Bought a condenser vane for 160 gold pieces
  6295 | D:5      | Bought a scroll of blinking for 30 gold pieces
  6460 | D:6      | Noticed a cyclops
  6472 | D:6      | Killed a cyclops
  6473 | D:6      | Reached XP level 8. HP: 48/87 MP: 8/8
  6729 | D:6      | Reached skill level 8 in Fighting
  6856 | D:6      | Reached skill level 9 in Fighting
  6921 | D:6      | Found a bloodstained altar of Trog.
  6965 | D:6      | Found a glowing drain.
  6972 | Sewer    | Entered a sewer
  7991 | D:6      | Reached skill level 10 in Fighting
  7991 | D:6      | Reached skill level 1 in Maces & Flails
  8074 | D:6      | Found a runed translucent door.
  8075 | D:6      | Noticed Crazy Yiuf
  8272 | D:7      | Reached XP level 9. HP: 100/101 MP: 9/9
  8331 | D:7      | Found a basalt altar of Yredelemnul.
  8864 | D:7      | Found a radiant altar of Vehumet.
  8947 | D:7      | Found a sacrificial altar of Ru.
  8955 | D:7      | Became a worshipper of Ru the Awakened
  8983 | D:7      | Reached skill level 5 in Maces & Flails
  9360 | D:7      | Found a staircase to the Ecumenical Temple.
  9374 | Temple   | Entered the Ecumenical Temple
  9574 | Temple   | Fell from the grace of Ru
  9574 | Temple   | Became a worshipper of Warmaster Okawaru
 10044 | D:8      | Identified a scroll of acquirement
 10044 | D:8      | Acquired a +4 spectral quarterstaff
 10491 | D:8      | Found a sand-covered staircase.
 10505 | Ossuary  | Entered an ossuary
 10658 | Ossuary  | Reached XP level 10. HP: 103/110 MP: 10/10
 10926 | Ossuary  | Reached * piety under Okawaru
 11036 | D:8      | Noticed Maurice
 11156 | D:8      | Reached skill level 1 in Invocations
 11540 | D:8      | Killed Maurice
 11784 | D:9      | Found a staircase to the Lair.
 11808 | D:9      | Reached skill level 11 in Fighting
 11812 | D:9      | Reached ** piety under Okawaru
 12200 | D:9      | Reached skill level 12 in Fighting
 12465 | D:9      | Found a shimmering blue altar of Sif Muna.
 12542 | D:9      | Reached XP level 11. HP: 71/124 MP: 13/13
 12546 | D:9      | Reached *** piety under Okawaru
 13050 | D:9      | Found a white marble altar of Elyvilon.
 13199 | D:10     | Entered Level 10 of the Dungeon
 13323 | D:10     | Reached skill level 13 in Fighting
 13353 | D:10     | Noticed a manticore
 13877 | D:10     | Reached skill level 10 in Maces & Flails
 13879 | D:10     | Reached **** piety under Okawaru
 14060 | D:10     | Noticed a catoblepas
 14435 | Lair:1   | Entered Level 1 of the Lair of Beasts
 14470 | Lair:1   | Received a gift from Okawaru
 14471 | Lair:1   | Reached skill level 14 in Fighting
 15783 | Lair:1   | Reached ***** piety under Okawaru
 15788 | Lair:1   | Received a gift from Okawaru
 16605 | Lair:1   | Reached XP level 12. HP: 126/139 MP: 12/15
 16612 | Lair:1   | Reached skill level 5 in Invocations
 17272 | Lair:2   | Reached skill level 1 in Evocations
 18236 | Lair:2   | Found a staircase to the Shoals.
 18240 | Lair:2   | Received a gift from Okawaru
 19137 | Lair:3   | Reached skill level 15 in Fighting
 19418 | Lair:3   | Found a staircase to the Snake Pit.
 19558 | Lair:3   | Found a hide-covered altar of Uskayaw.
 19561 | Lair:3   | Noticed a boulder beetle
 19575 | Lair:3   | Killed a boulder beetle
 19640 | Lair:3   | Found an ornate altar of the Wu Jian Council.
 19825 | Lair:3   | Reached XP level 13. HP: 149/149 MP: 17/17
 19841 | Lair:3   | Reached skill level 5 in Dodging
 20969 | Lair:4   | Found a broken altar of Ashenzari.
 21639 | Lair:4   | You fall into a shaft and drop 2 floors!
 21639 | Lair:6   | Entered Level 6 of the Lair of Beasts
 21665 | Lair:6   | Received a gift from Okawaru
 21666 | Lair:6   | Reached skill level 16 in Fighting
 22563 | Lair:5   | Found a staircase to the Slime Pits.
 22660 | Lair:5   | Noticed Snorg
 22680 | Lair:5   | Killed Snorg
 22681 | Lair:5   | Reached skill level 15 in Maces & Flails
 23654 | Lair:5   | Saving game... please wait.
 23887 | Lair:6   | Reached XP level 14. HP: 162/162 MP: 18/18
 25412 | Lair:6   | Received a gift from Okawaru
 25420 | Lair:6   | Reached skill level 17 in Fighting
 25513 | Lair:6   | Found a large runed translucent door.
 25514 | Lair:6   | Found a large runed translucent door.
 25765 | Lair:6   | Identified the +8 dagger of Nesionid {vorpal, Will+ rCorr
                  | SInv Stlth-}
 26044 | D:9      | Received a gift from Okawaru
 26740 | D:11     | Received a gift from Okawaru
 26902 | D:11     | Identified the amulet "Ifooff" {Reflect Will+ Dex+4 SH+5}
 27491 | D:12     | You fall into a shaft and drop 2 floors!
 27529 | D:14     | Reached skill level 18 in Fighting
 27855 | D:13     | Noticed Urug
 27865 | D:13     | Killed Urug
 28087 | D:13     | Noticed Azrael
 28101 | D:13     | Killed Azrael
 28725 | D:13     | Reached XP level 15. HP: 139/176 MP: 20/20
 28834 | D:13     | Found a gate to the Vaults.
 29162 | D:12     | Found a staircase to the Orcish Mines.
 29404 | D:12     | Received a gift from Okawaru
 29405 | D:12     | Reached skill level 5 in Evocations
 30290 | D:14     | Reached skill level 1 in Armour
 30916 | Orc:1    | Entered Level 1 of the Orcish Mines
 30975 | Orc:1    | Noticed Josephine
 31014 | Orc:1    | Killed Josephine
 31083 | Orc:1    | Found Napp's Magic Scroll Emporium.
 31431 | Orc:2    | Entered Level 2 of the Orcish Mines
 31460 | Orc:2    | Identified the +2 robe of the Pleiades {Str+3 Int+3 Dex+2}
                  | (Okawaru gifted it to you on level 2 of the Orcish Mines)
 31460 | Orc:2    | Received a gift from Okawaru
 31510 | Orc:2    | Noticed an orc warlord
 31710 | Orc:2    | Found a staircase to the Elven Halls.
 31921 | Orc:2    | Noticed Jorgrun
 31943 | Orc:2    | Killed Jorgrun
 32060 | Orc:2    | Reached skill level 5 in Armour
 32462 | Orc:2    | Killed an orc warlord
 33027 | Orc:2    | Found Viwkick's Antique Armour Shop.
 33028 | Orc:2    | Found Suximio's Antique Weapon Boutique.
 33030 | Orc:2    | Found Fyac's General Store.
 33030 | Orc:2    | Found Emeiduef's Book Shop.
 33046 | Orc:2    | Bought a potion of heal wounds for 75 gold pieces
 33173 | Orc:2    | Saving game... please wait.
 33173 | Orc:2    | Acquired the amulet "Cennal" {Acrobat rPois SInv}
 33319 | Snake:1  | Entered Level 1 of the Snake Pit
 33335 | Snake:1  | Reached skill level 5 in Throwing
 33485 | Snake:1  | Reached ****** piety under Okawaru
 33502 | Snake:1  | Reached XP level 16. HP: 88/185 MP: 20/22
 34659 | Snake:1  | Received a gift from Okawaru
 37134 | Snake:2  | Noticed a nagaraja
 37148 | Snake:2  | Killed a nagaraja
 37155 | Snake:2  | Reached skill level 10 in Throwing
 37405 | Snake:2  | Received a gift from Okawaru
 37405 | Snake:2  | Found the +5 robe of Night {Dark Will+ SInv}
 37773 | Snake:3  | Found a flickering gateway to a bazaar.
 37786 | Bazaar   | Entered a bazaar
 37791 | Bazaar   | Found Baojiog's Distillery.
 37792 | Bazaar   | Found Palewn's Distillery.
 37811 | Bazaar   | Found Hieluuk's Assorted Antiques.
 37816 | Bazaar   | Found Idwog's Book Shop.
 37829 | Bazaar   | Found Ucwox's Distillery.
 37835 | Bazaar   | Bought a potion of cancellation for 120 gold pieces
 37835 | Bazaar   | Bought a potion of haste for 150 gold pieces
 37835 | Bazaar   | Bought a potion of heal wounds for 75 gold pieces
 37835 | Bazaar   | Bought a potion of mutation for 120 gold pieces
 37868 | Bazaar   | Bought a potion of heal wounds for 40 gold pieces
 37868 | Bazaar   | Bought a potion of invisibility for 64 gold pieces
 37873 | Bazaar   | Bought a potion of mutation for 128 gold pieces
 37873 | Bazaar   | Bought a potion of haste for 160 gold pieces
 37873 | Bazaar   | Bought a potion of experience for 800 gold pieces
 37873 | Bazaar   | Bought a potion of invisibility for 128 gold pieces
 37873 | Bazaar   | Reached XP level 17. HP: 193/193 MP: 23/23
 38902 | Snake:3  | Identified the +1 robe of Duos Kist {rPois rCorr Str+4}
 38979 | Shoals:1 | Entered Level 1 of the Shoals
 39726 | Shoals:1 | Reached skill level 19 in Fighting
 40575 | Shoals:2 | Found Ucvi's Book Shop.
 41584 | Shoals:2 | Reached skill level 20 in Fighting
 41653 | Shoals:2 | Reached XP level 18. HP: 210/210 MP: 24/24
 41763 | Shoals:2 | Received a gift from Okawaru
 42019 | Shoals:2 | Saving game... please wait.
 42019 | Shoals:2 | Upgraded the game from 0.28-a0-691-gad6df49e81 to
                  | 0.28-a0-706-gf6f64a616a
 42078 | Shoals:3 | Found a frozen archway.
 42098 | IceCv    | Entered an ice cave
 42370 | IceCv    | Found a transporter.
 42391 | IceCv    | Found a transporter.
 44317 | Shoals:3 | Cast into level 2 of the Abyss (faun)
 44399 | Abyss:2  | Noticed a hellephant
 44433 | Abyss:2  | Killed a hellephant
 44755 | Abyss:2  | Received a gift from Okawaru
 45159 | Abyss:2  | Noticed a profane servitor
 45189 | Abyss:2  | HP: 5/210 [profane servitor (11)]
 45195 | Abyss:2  | HP: 1/209 [profane servitor (11)]
 45195 | Abyss:2  | Slain by a profane servitor

Illustrated notes

Levels and vault maps discovered:
D:1:      denvon_arrival_planthouse, layout_basic
D:2:      layout_basic, minmay_misc_feat_x, minmay_misc_feat_four_crosses,
          uniq_robin
D:3:      layout_loops_ring, lemuel_round_altar,
          hellmonk_ecumenical_altar_zigzags, uniq_natasha
D:4:      layout_basic
D:5:      layout_gridville, nicolae_shop_clearance
D:6:      layout_loops_ring, overflow_temple_1_default, gup_sewer_entry_bubbles,
          chequers_serial_rivers_marsh, minmay_misc_feat_square,
          uniq_crazy_yiuf_cottage
D:7:      layout_gridville, nicolae_yredelemnul_corpse_copse,
          nicolae_ru_path_of_blood, mainiacjoe_overflow_24_doors,
          minmay_temple_entry_crystal_x, serial_glass, glass_columns_c,
          glass_columns_c, grunt_ministairs_13
D:8:      layout_rooms, lightli_ossuary_entry_decrepit_ruins, uniq_maurice
D:9:      layout_basic, nicolae_elyvilon_temple_path, kennysheep_little_box,
          dpeg_oklobed_lair, minivault_24
D:10:     nzn_motion_control, layout_gridville
D:11:     layout_rooms, kennysheep_small_spiral, hangedman_incinerator
D:12:     layout_basic, david_orc_5
D:13:     layout_roguey, ximxim_vaults_locker_room, uniq_azrael, uniq_urug
D:14:     layout_gridville, roderic_roman_lattice
Temple:   regret_index_temple_generic_petals
Lair:1:   layout_regular_city, infiniplex_staircase_pool
Lair:2:   layout_cave_pods, minmay_shoals_entry_centaurs, minivault_27,
          small_statue_intersection, eino_house_with_fridge, grunt_megastairs_1
Lair:3:   nzn_winding_woodlands_three_and_one
          [nzn_winding_woodlands_5x15_jagged, nzn_winding_woodlands_5x15_cabin,
          nzn_winding_woodlands_5x15_split_checker,
          nzn_winding_woodlands_center_pierced_h], layout_chaotic_city,
          minmay_snake_entry_guardpost_small, nzn_masters_of_martial_movement
Lair:4:   layout_small_grid, basic_altar, gammafunk_lair_bear_cave
Lair:5:   layout_hall_layers, minmay_slime_entry_jelly_boxes,
          lemuel_fruit_fields, uniq_snorg
Lair:6:   cheibrodos_lair_end_hotspot, layout_regular_city, enter_volcano_4,
          fungi_pond_lemuel, st_stairs_7
Shoals:1: layout_shoals
Shoals:2: layout_shoals, serial_shops, nicolae_stop_n_shop_1
Shoals:3: layout_shoals, portal_ice_cave_entry_ice_statue_one,
          nicolae_shoals_abyss_on_the_beach
Snake:1:  layout_gridlike
Snake:2:  layout_grid_shapes
Snake:3:  layout_grid_shapes, serial_shops, bzr_in_the_mist
Orc:1:    layout_diamond_mine, serial_shops, nicolae_shop_window_shopping,
          uniq_josephine
Orc:2:    st_orc_congregation, layout_caves, hellmonk_bongcloud_opening,
          uniq_jorgrun
Abyss:2:  base: Lair:3, hangedman_abyss_sting

Skill      XL: |  1  2  3  4  5  6  7  8  9 10 11 12 13 14 15 16 17 18 |
---------------+-------------------------------------------------------+-----
Fighting       | 3 4 5 6 7 10 12 14 15 16 18 20 | 20.0
Staves         | 4 5 6 8 |  8.0
Dodging        | 4 6 7 |  7.0
Maces & Flails | 1 7 9 11 13 15 16 17 | 17.9
Invocations    | 3 4 6 8 |  8.0
Evocations     | 3 6 |  6.0
Armour         | 6 |  6.7
Throwing       | 6 10 12 | 12.0

Action                   |  1- 3 |  4- 6 |  7- 9 | 10-12 | 13-15 | 16-18 || total
-------------------------+-------+-------+-------+-------+-------+-------++-------
Melee: Quarterstaff      |   121 |   166 |   339 |   119 |       |       ||   745
       Unarmed           |     2 |       |       |       |       |       ||     2
       Giant spiked club |       |       |       |   341 |   941 |   605 ||  1887
Throw: Stone             |    26 |     7 |    13 |    16 |       |       ||    62
       Javelin           |       |       |     2 |       |     2 |       ||     4
       Throwing net      |       |       |     1 |       |     1 |       ||     2
       Dart              |       |       |       |     2 |     7 |       ||     9
       Large rock        |       |       |       |       |     8 |     6 ||    14
       Boomerang         |       |       |       |       |       |    18 ||    18
Invok: Heroism           |       |       |       |    12 |    20 |    12 ||    44
       Finesse           |       |       |       |       |     1 |     2 ||     3
Evoke: Wand              |       |       |       |       |     4 |     2 ||     6
       Phial of floods   |       |       |       |       |     1 |       ||     1
       Condenser vane    |       |       |       |       |     1 |       ||     1
  Use: Scroll            |       |       |    11 |    18 |    11 |     9 ||    49
       Potion            |       |       |     3 |       |       |     7 ||    10
 Stab: Sleeping          |       |       |     2 |     6 |    11 |     4 ||    23
       Distracted        |       |       |     1 |     2 |     2 |     3 ||     8
       Held in net/web   |       |       |     1 |       |       |       ||     1
Armor: Robe              |    37 |    43 |   149 |   202 |   186 |    81 ||   698
       Ice dragon scales |       |       |       |       |   235 |   388 ||   623
Dodge: Dodged            |    60 |    96 |   206 |   257 |   494 |   536 ||  1649
Block: Other             |       |       |       |       |   148 |       ||   148
       Reflection        |       |       |       |       |     7 |       ||     7

Table legend: (Time is in decaauts)
 A = Elapsed time spent in this place.
 B = Non-inter-level travel time spent in this place.
 C = Inter-level travel time spent in this place.
 D = Time resting spent in this place.
 E = Time spent auto-exploring this place.
 F = Levels seen in this place.
 G = Mean time per level.
                   A        B        C        D        E       F      G
               +--------+--------+--------+--------+--------+-----+--------+
         Total |  45435 |  44111 |   1324 |  15110 |  21326 |  34 | 1336.3 |
       Dungeon |  18328 |  17682 |    646 |   4964 |   9789 |  14 | 1309.1 |
        Temple |    232 |    187 |     45 |      0 |    185 |   1 |  232.0 |
          Lair |  11351 |  11043 |    308 |   4070 |   5103 |   6 | 1891.8 |
        Shoals |   5195 |   5149 |     46 |   2560 |   1844 |   3 | 1731.7 |
     Snake Pit |   5523 |   5345 |    178 |   2081 |   2568 |   3 | 1841.0 |
  Orcish Mines |   2280 |   2180 |    100 |    577 |    957 |   2 | 1140.0 |
         Abyss |    846 |    846 |      0 |    621 |      6 |   1 |  846.0 |
        Bazaar |     99 |     99 |      0 |      0 |     42 |   1 |   99.0 |
         Sewer |    806 |    806 |      0 |      0 |    548 |   1 |  806.0 |
       Ossuary |    466 |    466 |      0 |      2 |    282 |   1 |  466.0 |
      Ice Cave |    305 |    305 |      0 |    231 |      0 |   1 |  305.0 |
               +--------+--------+--------+--------+--------+-----+--------+

Top non-repeatable levels by time:
 Snake:1: 2883 daAuts
Shoals:2: 2767 daAuts
  Lair:1: 2517 daAuts
  Lair:6: 2482 daAuts
     D:9: 2020 daAuts
  Lair:2: 1957 daAuts
  Lair:3: 1905 daAuts
Shoals:1: 1694 daAuts
     D:3: 1672 daAuts
 Snake:2: 1585 daAuts
     D:1: 1577 daAuts
     D:7: 1531 daAuts
    D:14: 1427 daAuts
  Lair:5: 1384 daAuts
   Orc:2: 1373 daAuts
